 Dungeon Crawl Stone Soup version 0.31-a0-221-gbddc013574 (webtiles) character file.

Game seed: 16356987914838841326

169 qw the Shooter (level 5, -2/45 HPs)
             Began as a Minotaur Hexslinger on July 3, 2023.
             Shot with an arrow by a centaur (5 damage)
             ... on level 7 of the Dungeon.
             The game lasted 00:00:45 (1953 turns).

qw the Shooter (Minotaur Hexslinger)                Turns: 1953, Time: 00:00:45

Health: -2/45      AC:  4    Str: 12    XL:     5   Next: 25%
Magic:  5/5        EV: 12    Int: 10    God:
Gold:   152        SH:  0    Dex: 15    Spells: 5/6 levels left

rFire   . . .        Y - +2 sling
rCold   + . .        (no shield)
rNeg    . . .        i - +2 robe {rC+}
rPois   .            (helmet restricted)
rElec   .            (no cloak)
rCorr   .            (no gloves)
SInv    .            (no boots)
Will    .....        d - amulet of faith
Stlth   +            (no ring)
HPRegen 0.27/turn    (no ring)
MPRegen 0.09/turn

%: faith
@: about to teleport
A: horns 2, retaliatory headbutt
a: no special abilities


You were on level 7 of the Dungeon.
You visited 1 branch of the dungeon, and saw 5 of its levels.

You collected 152 gold pieces.


Innate Abilities, Weirdness & Mutations

You have a pair of horns on your head.
You reflexively headbutt those who attack you in melee.


   Skills:
 - Level 3.2 Fighting
 + Level 5.3 Ranged Weapons
 - Level 2.1 Dodging
 - Level 1.0 Spellcasting
 - Level 2.0 Hexes


You had 5 spell levels left.
You knew the following spells:

 Your Spells              Type           Power      Damage    Failure   Level
a - Slow                  Hex            16%        N/A       16%         1

Your spell library contained the following spells:

 Spells                   Type           Power      Damage    Failure   Level
 Inner Flame              Hex/Fire       2%         N/A       56%         3
 Portal Projectile        Hex/Tloc       4%         N/A       56%         3
 Cause Fear               Hex            2%         N/A       83%         4

Inventory:

Hand Weapons
 Y - a +2 sling (weapon)
Armour
 i - a +2 robe of cold resistance (worn)
Jewellery
 d - an amulet of faith (around neck)
 j - an amulet of the acrobat
Scrolls
 b - a scroll of vulnerability {unknown}
 f - 3 scrolls of identify
Potions
 c - a potion of resistance
 e - a potion of lignification {unknown}
 h - 2 potions of curing

Dungeon Overview and Level Annotations

Branches:
Dungeon (7/15)
 Temple: D:4-7

Altars:

Shops:
D:4 **


Message History

The arrow misses you.
You shoot a sling bullet. The sling bullet hits the centaur.
The centaur is lightly wounded.
The centaur shoots an arrow.
The arrow hits you.
The centaur shoots an arrow.
The arrow hits you!
You shoot a sling bullet. The sling bullet hits the centaur!
The centaur is moderately wounded.
The centaur shoots an arrow.
The arrow completely misses you.
You shoot a sling bullet.
The sling bullet barely misses the centaur.
The centaur shoots an arrow.
The arrow barely misses you.
The centaur shoots an arrow.
The arrow closely misses you.
You shoot a sling bullet.
The sling bullet barely misses the centaur.
The centaur shoots an arrow.
The arrow hits you but does no damage.
You shoot a sling bullet. The sling bullet hits the centaur.
The centaur is heavily wounded.
The centaur shoots an arrow.
The arrow closely misses you.
You shoot a sling bullet.
The sling bullet barely misses the centaur.
The centaur shoots an arrow.
The arrow hits you.
The centaur shoots an arrow.
The arrow hits you!
You shoot a sling bullet.
The sling bullet barely misses the centaur.
The centaur shoots an arrow.
The arrow hits you.
The centaur shoots an arrow.
The arrow closely misses you.
You shoot a sling bullet.
The sling bullet barely misses the centaur.
The centaur shoots an arrow.
The arrow hits you!
1951 ||| READING scroll of teleportation.
As you read the scroll of teleportation, it crumbles to dust.
You feel strangely unstable.
The centaur shoots an arrow.
The arrow closely misses you.
The centaur shoots an arrow.
The arrow hits you.
You shoot a sling bullet.
The sling bullet completely misses the centaur.
You shoot a sling bullet. The sling bullet hits the centaur!
The centaur is almost dead.
The centaur shoots an arrow.
The arrow hits you.
You die...

#~~~## #~~~~##
. ####~~~~~## .
..#~~~~~~~~~#..
#..~~~~~~~~~..#
#...~~~~~.c.#
#.......#
####@####.#
#.........#
#.##.###..# #
#.###..##
#.##..>.....
#...........
############


You could see a centaur.

Vanquished Creatures
  Natasha (thrice) (D:3)
  6 adders
  A worm (D:3)
  A dart slug (D:3)
  3 endoplasms
  3 giant cockroaches
  4 goblins
  5 hobgoblins
  4 kobolds
  2 quokkas
  3 ball pythons
  A bat (D:2)
  3 frilled lizards
  2 rats (D:3)
41 creatures vanquished.

Notes
Turn   | Place    | Note
-------+----------+-------------------------------------------
     0 | D:1      | qw the Minotaur Hexslinger began the quest for the Orb.
     0 | D:1      | Reached XP level 1. HP: 16/16 MP: 1/1
     0 | D:1      | 0 ||| qw: Version: 0.3-a-40-ge99b1a8
     0 | D:1      | 0 ||| qw: Game counter: 557
     0 | D:1      | 0 ||| qw: Melee chars always use a shield: true
     0 | D:1      | 0 ||| qw: God list: Okawaru
     0 | D:1      | 0 ||| qw: Allow faded altars: false
     0 | D:1      | 0 ||| qw: Do Orc after clearing Dungeon:15 true
     0 | D:1      | 0 ||| qw: Do second Lair branch before Depths: true
     0 | D:1      | 0 ||| qw: Lair rune preference: random
     0 | D:1      | 0 ||| qw: Goals: Normal
     0 | D:1      | 0 ||| PLANNING D:1-11
   188 | D:1      | Reached skill level 3 in Ranged Weapons
   188 | D:1      | Reached XP level 2. HP: 23/23 MP: 2/2
   332 | D:1      | 332 ||| UPGRADING to +0 ring mail.
   349 | D:1      | 349 ||| DROPPING +0 robe.
   350 | D:1      | 350 ||| UPGRADING to +2 robe of cold resistance.
   360 | D:1      | 360 ||| DROPPING +0 ring mail.
   716 | D:1      | 716 ||| UPGRADING to amulet of the acrobat.
   721 | D:1      | 721 ||| READING 2 scrolls labelled LASIN HEAFEATAMA.
   726 | D:1      | 726 ||| READING scroll labelled YPEDIJAJON.
   727 | D:1      | 727 ||| READING 3 scrolls labelled FIUSKOOKAN.
   728 | D:1      | 728 ||| READING 3 scrolls labelled WORONU ISCHUI.
   729 | D:1      | 729 ||| READING 2 scrolls of identify.
   729 | D:1      | 729 ||| IDENTIFYING cyan potion
   730 | D:1      | 730 ||| DROPPING scroll of poison.
   731 | D:1      | 731 ||| DROPPING 2 scrolls of fear.
   880 | D:2      | Reached XP level 3. HP: 21/29 MP: 3/3
  1299 | D:2      | 1299 ||| READING scroll labelled BON ECLOVU.
  1300 | D:2      | 1300 ||| READING 6 scrolls of identify.
  1300 | D:2      | 1300 ||| IDENTIFYING amethyst potion
  1301 | D:2      | 1301 ||| DROPPING potion of ambrosia.
  1363 | D:3      | Reached skill level 4 in Ranged Weapons
  1442 | D:3      | Noticed Natasha
  1448 | D:3      | Killed Natasha
  1449 | D:3      | Reached XP level 4. HP: 28/36 MP: 4/4
  1502 | D:3      | Noticed Natasha
  1506 | D:3      | Killed Natasha
  1507 | D:3      | Reached skill level 5 in Ranged Weapons
  1737 | D:3      | Noticed Natasha
  1742 | D:3      | Killed Natasha
  1743 | D:3      | Reached skill level 3 in Fighting
  1743 | D:3      | Reached XP level 5. HP: 36/45 MP: 5/5
  1833 | D:3      | 1833 ||| UPGRADING to amulet of faith.
  1843 | D:3      | 1843 ||| READING 5 scrolls of identify.
  1843 | D:3      | 1843 ||| IDENTIFYING black potion
  1844 | D:3      | 1844 ||| READING 4 scrolls of identify.
  1844 | D:3      | 1844 ||| IDENTIFYING bubbling black potion
  1845 | D:3      | 1845 ||| DROPPING potion of brilliance.
  1929 | D:4      | Found Hacech's General Store.
  1931 | D:4      | Found Ogin's Specific Store.
  1935 | D:4      | You fall into a shaft and drop 3 floors!
  1942 | D:7      | Noticed a centaur
  1950 | D:7      | HP: 4/45 [centaur/arrow (8)]
  1951 | D:7      | 1951 ||| READING scroll of teleportation.
  1953 | D:7      | Shot with an arrow by a centaur

Levels and vault maps discovered:
D:1:      dpeg_arrival_renting, layout_basic, minmay_misc_feat_encased,
          nicolae_houndstooth_variations
D:2:      layout_loops_ring
D:3:      layout_rooms, uniq_natasha
D:4:      layout_loops_ring, gammafunk_temple_of_torment,
          mainiacjoe_overflow_surrounded_room, lemuel_coloured_pillars_altar,
          serial_shops, shop, nicolae_shop_rolling_square,
          nicolae_specific_store, uniq_menkaure
D:7:      layout_loops_corners, minmay_misc_feat_rows, grunt_decor_junction

Skill      XL: |  1  2  3  4 |
---------------+-------------+-----
Ranged Weapons | 3 4 5 |  5.3
Fighting       | 2 3 |  3.2
Dodging        | |  2.1
Spellcasting   | |  1.0
Hexes          | |  2.0

Action                     |  1- 3 |  4- 6 || total
---------------------------+-------+-------++-------
   Fire: Sling             |    94 |    59 ||   153
    Use: Scroll            |     7 |     3 ||    10
 Armour: Robe              |     7 |     9 ||    16
  Dodge: Dodged            |    20 |    16 ||    36

Table legend:
 A = Non-vault XP
 B = Vault XP
 C = Vault XP percentage of total XP
 D = Non-vault monster count
 E = Vault monster count
 F = Vault count percentage of total count
                 A         B        C        D         E       F
            +---------+---------+-------+---------+---------+-------
      Total |     207 |      35 |  14.5 |      40 |       1 |   2.4
            +---------+---------+-------+---------+---------+-------
        D:1 |      26 |       0 |   0.0 |      15 |       0 |   0.0
        D:2 |      34 |       0 |   0.0 |       7 |       0 |   0.0
        D:3 |     146 |      35 |  19.3 |      17 |       1 |   5.6
        D:4 |       1 |       0 |   0.0 |       1 |       0 |   0.0
            +---------+---------+-------+---------+---------+-------
